Map: King Sejong Station LE

Players

LiquidTLO (TLO)

  • Race: Zerg Zerg
  • League: Grandmaster

VincentChung (MaSa) - Winner!

  • Race: Terran Terran
  • League: Master

Event: Polygon Gaming Invitational 4

VOD

Have the link to the VOD?

Description

Time

  • Played on: Aug. 27, 2016, 1:50 p.m.
  • Length: 15:31

All games in this series

Show
View Real Time Build Order
Export as new Build Order

LiquidTLO Zerg 

Build Orders: Hatch First 

Get SALT Encoding   

  12  0:00  Drone  
  13  0:13  Overlord  
  13  0:16  Drone  
  14  0:31  Drone x2  
  16  0:35  Drone  
  17  0:52  Hatchery  
  17  0:55  Drone  
  17  1:08  Spawning Pool  
  17  1:11  Drone  
  17  1:14  Drone  
  17  1:17  Drone  
  19  1:20  Extractor  
  18  1:28  Drone  
  19  1:39  Overlord  
  19  1:55  Queen, Zergling x2  
  19  2:00  Zergling x2  
  23  2:04  Queen  
  23  2:05  Drone  
  26  2:17  Hatchery  
  26  2:21  Drone  
  26  2:25  Drone  
  26  2:29  Drone  
  29  2:30  Drone  
  28  2:39  Drone  
  28  2:42  Queen  
  31  2:48  Metabolic Boost  
  31  2:54  Overlord  
  31  2:57  Drone  
  32  2:58  Drone  
  32  3:05  Drone x2  
  34  3:06  Drone  
  34  3:12  Drone  
  36  3:14  Drone  
  36  3:15  Drone  
  36  3:16  Drone  
  36  3:17  Drone  
  40  3:24  Drone x2  
  42  3:28  Queen  
  42  3:32  Drone  
  42  3:33  Drone  
  46  3:35  Overlord  
  46  3:39  Drone  
  46  3:40  Drone  
  48  3:43  Drone  
  49  3:49  Drone  
  49  3:53  Queen  
  52  3:57  Drone x4  
  52  3:58  Drone  
  52  3:59  Overlord  
  57  4:03  Drone  
  57  4:05  Extractor  
  57  4:07  Drone  
  58  4:14  Overlord, Baneling Nest  
  57  4:17  Evolution Chamber  
  57  4:18  Evolution Chamber  
  57  4:19  Drone x3  
  57  4:22  Drone  
  59  4:26  Drone, Spine Crawler  
  59  4:28  Drone  
  59  4:31  Zergling x8  
  60  4:33  Zergling x2  
  60  4:34  Zergling x2  
  65  4:43  Zerg Ground Armor Level 1  
  65  4:44  Overlord x2  
  65  4:48  Zergling x2, Spore Crawler  
  65  4:52  Zerg Melee Weapons Level 1  
  65  4:53  Overlord  
  65  4:58  Overlord  
  65  5:03  Drone x2  
  65  5:04  Drone x2  
  69  5:07  Zergling x2  
  69  5:08  Zergling x4  
  69  5:10  Zergling x4  
  69  5:11  Zergling x4  
  69  5:13  Drone x2  
  78  5:18  Baneling x4  
  78  5:19  Drone, Baneling  
  78  5:20  Drone  
  80  5:22  Drone  
  80  5:23  Zergling x2  
  80  5:25  Zergling x2  
  80  5:26  Zergling x2  
  84  5:34  Zergling x2  
  85  5:37  Zergling x2  
  85  5:39  Hatchery, Zergling x2  
  85  5:40  Zergling x2  
  87  5:44  Drone x2  
  87  5:48  Drone x2  
  91  5:53  Lair  
  91  5:54  Drone x2  
  91  5:56  Extractor  
  89  5:57  Drone  
  89  5:58  Extractor  
  89  6:00  Drone  
  89  6:06  Drone x2  
  89  6:08  Drone x5  
  96  6:11  Extractor  
  96  6:12  Roach Warren, Extractor  
  96  6:16  Zergling x2  
  96  6:17  Zergling x2, Spore Crawler  
  96  6:18  Zergling x6  
  97  6:24  Overlord  
  97  6:25  Overlord  
  97  6:26  Baneling x5  
  97  6:32  Overlord  
  97  6:35  Overlord  
  97  6:36  Overlord  
  97  6:37  Baneling x3  
  97  6:39  Zergling x4  
  98  6:44  Drone  
  98  6:45  Drone  
  98  6:46  Drone  
  97  6:48  Drone  
  97  6:50  Zerg Ground Armor Level 2  
  97  6:52  Drone x2  
  100  6:55  Centrifical Hooks  
  100  6:59  Drone  
  100  7:00  Zergling x14  
  108  7:02  Queen  
  108  7:03  Zergling x2  
  108  7:06  Drone  
  112  7:09  Zerg Melee Weapons Level 2  
  112  7:16  Drone  
  112  7:17  Zergling x2  
  112  7:18  Zergling x6  
  112  7:20  Zergling x4  
  119  7:26  Zergling x2  
  119  7:27  Zergling x2  
  119  7:28  Zergling x6  
  115  7:31  Roach  
  115  7:32  Roach x2  
  115  7:33  Roach x2  
  115  7:34  Infestation Pit  
  121  7:37  Roach  
  121  7:40  Queen, Zergling x2  
  120  7:45  Roach x2  
  120  7:49  Roach  
  125  7:51  Roach, Drone  
  125  7:52  Overseer  
  125  7:56  Queen x2  
  125  7:57  Zergling x2  
  129  7:59  Ravager  
  129  8:00  Ravager  
  129  8:01  Ravager x2  
  129  8:02  Zergling x2  
  129  8:03  Zergling x4  
  129  8:05  Zergling x6  
  135  8:06  Zergling x2  
  135  8:07  Zergling x2  
  135  8:10  Drone  
  137  8:15  Drone  
  137  8:16  Ravager x2  
  137  8:17  Ravager x3  
  143  8:21  Extractor  
  143  8:25  Hive  
  141  8:30  Drone x2  
  141  8:33  Drone  
  144  8:35  Overlord  
  144  8:44  Zergling x2  
  144  8:49  Overlord x5  
  144  8:55  Spore Crawler  
  143  8:57  Overlord  
  143  8:58  Baneling x3  
  143  9:00  Overlord  
  143  9:02  Zergling x2  
  144  9:03  Pathogen Glands  
  143  9:10  Extractor  
  143  9:11  Zergling x6  
  143  9:12  Zergling x4  
  143  9:14  Zergling x18  
  143  9:16  Queen x2  
  151  9:17  Zergling x6  
  151  9:21  Drone  
  151  9:22  Drone  
  151  9:25  Zergling x4  
  151  9:29  Zergling x4  
  151  9:30  Zergling x2  
  156  9:31  Zergling x2  
  156  9:33  Zergling x6  
  156  9:38  Ultralisk Cavern, Queen  
  158  9:43  Baneling x2  
  159  9:50  Zerg Ground Armor Level 3  
  159  9:54  Drone  
  159  9:58  Zerg Melee Weapons Level 3  
  159  10:00  Zergling x2  
  159  10:03  Drone  
  154  10:07  Adrenal Glands  
  154  10:08  Drone  
  154  10:09  Infestor x2  
  154  10:12  Infestor  
  160  10:25  Infestor  
  160  10:28  Chitinous Plating  
  155  10:30  Zergling x8  
  155  10:31  Zergling x2  
  160  10:36  Zergling x2  
  160  10:37  Zergling x6  
  160  10:38  Overlord, Zergling x6  
  160  10:39  Overseer x2  
  167  10:45  Zergling x4  
  167  10:46  Zergling x4  
  167  10:49  Zergling x4  
  160  10:50  Zergling x2  
  160  10:52  Zergling x4  
  148  11:14  Overseer  
  148  11:16  Ultralisk  
  154  11:20  Ultralisk, Hatchery  
  157  11:30  Ultralisk  
  161  11:38  Ultralisk  
  166  11:45  Baneling x11  
  165  11:50  Overlord  
  165  11:56  Overlord x2  
  165  12:10  Ultralisk  
  170  12:16  Ultralisk  
  174  12:25  Zergling x2  
  174  12:27  Zergling x4  
  174  12:28  Zergling x2  
  174  12:29  Zergling x6  
  176  12:30  Zergling x2  
  176  12:31  Zergling x2  
  160  12:43  Ultralisk  
  135  12:48  Infestor  
  135  12:50  Zergling x4  
  127  12:53  Baneling x8  
  127  13:02  Ultralisk  
  133  13:06  Zergling x2  
  133  13:07  Roach  
  136  13:14  Drone  
  136  13:16  Ultralisk  
  136  13:18  Zergling x2  
  137  13:25  Ultralisk  
  133  13:32  Drone  
  135  13:34  Drone  
  135  13:41  Zergling x2  
  135  13:45  Roach x3  
  141  13:52  Hatchery  
  141  13:54  Drone  
  141  13:56  Drone x6  
  141  13:57  Infestor  
  141  14:02  Roach x2  
  153  14:06  Zergling x2  
  153  14:08  Infestor, Zergling x2  
  156  14:15  Drone  
  155  14:18  Drone  
  155  14:22  Zergling x2  
  157  14:25  Infestor  
  157  14:26  Spire, Zergling x2  
  157  14:28  Roach x2, Ravager  
  164  14:32  Ravager x3  
  164  14:33  Ravager  
  164  14:34  Zergling x4  
  164  14:35  Zergling x2  
  164  14:37  Roach  
  172  14:39  Roach  
  172  14:41  Roach  
  121  15:10  Zergling x2  
  121  15:11  Zergling x8  
  121  15:12  Zergling x8  
Show
View Real Time Build Order
Export as new Build Order

VincentChung Terran - Winner!

Build Orders: Reaper Expand, MMM Bio 

Get SALT Encoding   

  12  0:00  SCV  
  13  0:13  SCV  
  14  0:17  Supply Depot  
  14  0:25  SCV  
  15  0:38  SCV  
  15  0:40  Barracks  
  16  0:44  Refinery  
  16  0:50  SCV  
  17  1:02  SCV  
  18  1:15  SCV  
  19  1:27  Reaper, Orbital Command  
  20  1:40  Command Center  
  20  1:50  Barracks  
  20  1:53  SCV  
  21  2:00  Barracks Reactor  
  21  2:03  Supply Depot  
  21  2:07  SCV  
  22  2:12  Refinery  
  22  2:19  SCV  
  23  2:29  Factory  
  23  2:35  SCV  
  24  2:40  Marine x2  
  24  2:41  Barracks Tech Lab  
  26  2:47  SCV  
  27  2:55  Orbital Command  
  27  2:58  Marine x2  
  27  2:59  SCV  
  27  3:01  Stimpack  
  27  3:02  Marine  
  31  3:12  SCV  
  32  3:16  Marine x2  
  32  3:18  Starport  
  33  3:21  SCV  
  33  3:23  Factory Reactor  
  33  3:24  Marine  
  35  3:27  SCV  
  35  3:34  Marine x2  
  37  3:36  SCV  
  37  3:39  Supply Depot  
  39  3:42  Marine  
  39  3:43  SCV  
  41  3:48  SCV  
  41  3:50  Refinery  
  41  3:51  Marine x2  
  41  3:55  SCV  
  45  4:00  SCV  
  46  4:03  Medivac, Supply Depot  
  46  4:04  Medivac  
  46  4:07  Marine  
  46  4:09  Marine  
  52  4:10  Marine  
  52  4:13  SCV  
  54  4:25  SCV, Engineering Bay  
  54  4:27  SCV, Engineering Bay  
  54  4:29  Widow Mine  
  58  4:34  Supply Depot  
  58  4:37  Medivac, SCV  
  61  4:41  Marine  
  62  4:50  Supply Depot  
  62  4:54  Terran Infantry Armor Level 1  
  62  4:55  Marine x2  
  62  4:56  SCV x2  
  62  4:58  Terran Infantry Weapons Level 1  
  66  5:00  Marine  
  67  5:07  Combat Shields  
  67  5:08  SCV x2  
  67  5:13  Marine x2  
  67  5:14  Supply Depot  
  71  5:20  SCV  
  71  5:21  Medivac, Marine  
  73  5:22  Factory Reactor  
  73  5:23  SCV  
  76  5:32  SCV  
  77  5:36  Command Center  
  77  5:43  Marine x2  
  77  5:44  Marine  
  77  5:46  SCV  
  77  5:48  SCV  
  75  5:50  Medivac  
  77  5:57  Supply Depot  
  77  5:58  SCV  
  77  6:00  SCV  
  77  6:01  Marine x2  
  73  6:06  Widow Mine x2, Marine  
  73  6:10  SCV  
  79  6:12  Barracks  
  79  6:14  Refinery, SCV  
  80  6:20  Armory  
  80  6:21  Medivac  
  82  6:25  Medivac  
  82  6:26  Marine x2  
  82  6:31  SCV x2  
  88  6:36  Marine  
  89  6:43  SCV  
  89  6:44  Marine  
  90  6:47  SCV, Marine  
  90  6:49  Liberator, Widow Mine  
  90  6:50  Widow Mine  
  90  6:51  Barracks x2  
  90  6:52  Liberator  
  96  6:57  SCV  
  96  7:00  Marine  
  98  7:02  Barracks Reactor  
  98  7:03  Supply Depot  
  98  7:04  Supply Depot  
  100  7:12  SCV x2  
  105  7:17  Marine, Terran Infantry Weapons Level 2  
  106  7:22  Orbital Command  
  106  7:27  SCV  
  106  7:28  SCV, Marine x2  
  110  7:35  Marine  
  111  7:39  SCV, Marine  
  111  7:40  SCV  
  110  7:45  Barracks Reactor  
  110  7:46  Barracks Reactor, Marine x2  
  110  7:48  Terran Infantry Armor Level 2  
  110  7:50  Supply Depot  
  111  7:51  SCV  
  111  7:52  Marine  
  111  7:53  Marine  
  111  7:57  Marine  
  115  7:59  SCV  
  115  8:04  SCV, Marine x2  
  117  8:10  Marine  
  117  8:11  Marine  
  116  8:14  Marine  
  116  8:16  SCV x3  
  116  8:19  Refinery, Supply Depot  
  120  8:20  Supply Depot  
  120  8:22  Barracks, Marine, Marauder  
  120  8:23  Barracks  
  123  8:27  Barracks  
  123  8:28  Marine  
  123  8:29  Marine x3  
  123  8:32  Marine  
  123  8:33  Marine x2  
  130  8:39  Supply Depot  
  128  8:41  Supply Depot  
  128  8:42  Supply Depot  
  128  8:44  Marine  
  128  8:45  Marine x2  
  125  8:49  Marine x2  
  125  8:51  Widow Mine  
  125  8:52  Widow Mine  
  125  8:55  Marine  
  132  8:57  Medivac  
  132  8:59  Medivac  
  132  9:02  Marine  
  136  9:03  Marauder  
  136  9:09  Marine  
  138  9:10  Marine x2  
  138  9:12  Barracks Tech Lab x2  
  138  9:16  Barracks Tech Lab  
  138  9:17  Marine x4  
  138  9:20  Widow Mine, Marine  
  143  9:24  Widow Mine, Marauder  
  143  9:27  Medivac, Marine x2  
  143  9:28  Marine  
  146  9:32  Marine x2  
  146  9:35  Marine x2  
  146  9:36  Concussive Shells  
  146  9:37  Marauder  
  143  9:46  Marauder, Marine x2  
  143  9:49  Command Center  
  143  9:51  Marauder x2  
  143  9:52  Medivac  
  153  9:57  Medivac  
  155  10:00  Widow Mine x2  
  155  10:02  Terran Infantry Weapons Level 3  
  155  10:04  Marauder  
  155  10:05  Marine  
  155  10:06  Marine  
  157  10:07  Marauder  
  157  10:12  Liberator x2, Marine  
  157  10:13  Marine x2, Marauder  
  150  10:28  Terran Infantry Armor Level 3  
  150  10:31  Widow Mine, Marauder  
  160  10:41  Marine x2, Marauder x2  
  166  10:49  Marine x4  
  160  10:50  Marauder  
  160  10:54  Terran Ship Weapons Level 1  
  153  10:59  Liberator, Marine x3, Marauder  
  153  11:01  Liberator  
  153  11:03  Marauder  
  151  11:12  Marine x2  
  151  11:13  Marine, Marauder x2  
  151  11:16  Marine x2  
  151  11:17  Marine  
  159  11:20  Widow Mine  
  159  11:23  Widow Mine  
  163  11:34  Starport  
  163  11:36  Supply Depot  
  160  11:40  Marine  
  160  11:41  Marine x6  
  160  11:42  Marine  
  168  11:47  Marine, Marauder  
  168  11:48  Marauder  
  168  11:49  Marine  
  168  11:51  Widow Mine  
  176  11:58  Marine  
  174  12:01  Sensor Tower  
  174  12:02  Marine x2  
  174  12:03  Marine  
  174  12:06  Marauder  
  174  12:07  Marauder  
  174  12:08  Planetary Fortress  
  181  12:09  Marine x2  
  181  12:11  Liberator  
  179  12:27  Marauder x3, Marine x4  
  179  12:29  Marauder  
  192  12:35  Liberator, Marine  
  178  12:39  Marine x3  
  154  12:48  Marauder x3  
  154  12:50  Marauder  
  153  12:53  Liberator, Starport Tech Lab  
  153  12:57  Refinery  
  156  12:58  Fusion Core  
  156  13:00  Starport  
  156  13:04  Marine x2  
  156  13:05  Marine x3  
  161  13:10  Liberator  
  161  13:11  Command Center  
  163  13:13  Widow Mine x2  
  166  13:26  Marine x4, Marauder x2  
  164  13:31  Marine  
  164  13:32  Refinery, Marine  
  169  13:34  Marine x2  
  169  13:38  Marauder x2  
  169  13:40  Starport Reactor  
  175  13:42  Widow Mine x2  
  175  13:43  Marine  
  175  13:46  Advanced Ballistics  
  175  13:47  Marine x2, Marauder x2  
  186  13:51  Liberator  
  186  13:54  Marine x5  
  191  13:59  Marauder x2  
  191  14:01  Marine  
  196  14:06  Liberator  
  196  14:09  Marine x2  
  196  14:10  Marauder x2  
  196  14:22  Marine  
  199  14:34  Widow Mine  
  199  14:35  Refinery, Missile Turret  
  199  14:36  Refinery  
  199  14:45  Widow Mine  
  199  14:46  Marauder  
  181  14:54  Marine x5, Marauder x2  
  181  14:55  Marine  
  193  15:06  Marine x2, Marauder  
  180  15:08  Marauder  
  180  15:12  Marine x2  
Tags
 
Add a new tag
Caveats
  • Supply blocks, unpowered buildings, or Contaminate may cause inaccurate times.
  • Supply counts are checked every 10 seconds.